 Dungeon Crawl Stone Soup version 0.21-a0-331-gfb491b4 (webtiles) character file.

87949 Monsterracer the Martial Artist (level 15, -11/117 HPs)
             Began as a Gnoll Transmuter on Oct 2, 2017.
             Was a Follower of Uskayaw.
             Killed from afar by a wizard (20 damage)
             ... with a crystal spear
             ... summoned by a boggart
             ... on level 15 of the Dungeon.
             The game lasted 01:18:02 (35187 turns).

Monsterracer the Martial Artist (Gnoll Transmuter) Turns: 35187, Time: 01:18:02

Health: -11/117    AC: 16    Str: 13    XL:     15   Next: 92%
Magic:  28/30      EV: 20    Int: 17    God:    Uskayaw [*.....]
Gold:   1967       SH:  0    Dex: 17    Spells: 10/36 levels left

rFire    . . .     SeeInvis +     - Unarmed
rCold    + + +     Gourm    .   (shield currently unavailable)
rNeg     . . .     Faith    .   j - +2 troll leather armour {Snorg}
rPois    +         Spirit   .   s - +1 helmet {SInv}
rElec    .         Reflect  .   C - +1 cloak of the Cockatrice {rC+++ rCorr Int-3 Stlth+}
rCorr    +         Harm     .   (gloves currently unavailable)
MR       +....     Clarity  +   m - +2 pair of boots
Stlth    +++++.....             M - amulet of regeneration
HPRegen  1.09/turn              Y - +2 ring of slaying
MPRegen  0.22/turn              P - ring of poison resistance

@: lethally poisoned (-11 -> -11), swift, blade hands, slowed, slow
A: distributed training, fangs 1, clarity, mutation resistance 1, strong nose
a: End Transformation, Stomp, Renounce Religion


You were on level 15 of the Dungeon.
You worshipped Uskayaw.
Uskayaw was aware of your devotion.
You were very hungry.
You had blades for hands.
You visited 3 branches of the dungeon, and saw 23 of its levels.
You also visited: Labyrinth and Bailey.

You collected 2794 gold pieces.
You spent 827 gold pieces at shops.

Inventory:

Hand Weapons
 b - the +2 longbow of Intimidation {flame, *Slow rPois rC+++ MR+}
   (You bought it in a shop on level 12 of the Dungeon)

   It causes projectiles fired from it to burn those they strike, causing extra
   injury to most foes and up to half again as much damage against particularly
   susceptible opponents.
   It renders you almost immune to cold.
   It protects you from poison.
   It affects your resistance to hostile enchantments.
   It may slow you when you take damage.
Missiles
 a - 380 arrows
 R - 54 tomahawks of returning (quivered)
Armour
 j - a +2 troll leather armour (worn) {Snorg}
 m - a +2 pair of boots (worn)
 o - a +1 pair of gloves (melded)
 s - a +1 helmet of see invisible (worn)
 C - the +1 cloak of the Cockatrice (worn) {rC+++ rCorr Int-3 Stlth+}
   (You found it on level 11 of the Dungeon)

   It affects your intelligence (-3).
   It renders you almost immune to cold.
   It protects you from acid and corrosion.
   It makes you more stealthy.
Jewellery
 k - an uncursed ring of resist corrosion
 y - an uncursed ring of flight
 B - an uncursed ring of protection from fire
 M - an amulet of regeneration (around neck)
 P - a ring of poison resistance (right scythe-like blade)
 Y - a +2 ring of slaying (left scythe-like blade)
Wands
 L - a wand of scattershot (3/9)
 N - a wand of digging (4/24)
 S - a wand of digging (11/24)
 W - a wand of confusion (10/48)
Scrolls
 f - 3 scrolls of fog
 h - 8 scrolls of remove curse
 q - 5 scrolls of magic mapping
 r - 9 scrolls of teleportation
 x - a scroll of recharging
 E - 3 scrolls of brand weapon
 F - 5 scrolls of enchant weapon
 G - a scroll of silence
 I - a scroll of blinking
 K - 2 scrolls of identify
Potions
 c - 10 potions of heal wounds
 e - 5 potions of agility
 g - 3 potions of brilliance
 i - 7 potions of haste
 l - 11 potions of curing
 p - 6 potions of flight
 u - a potion of invisibility
 v - 4 potions of ambrosia
 A - 3 potions of berserk rage
 U - 2 potions of resistance
Books
 z - a book of Power

   Spells                             Type                      Level
   a - Iskenderun's Battlesphere      Conjuration/Charms           5
   b - Venom Bolt                     Conjuration/Poison           5
   c - Bolt of Magma                  Conjuration/Fire/Earth       5
   d - Iron Shot                      Conjuration/Earth            6
   e - Orb of Destruction             Conjuration                  7
   f - Spellforged Servitor           Conjuration/Summoning        7
 H - a book of Burglary

   Spells                             Type                      Level
   a - Swiftness                      Charms/Air                   2
   b - Passwall                       Transmutation/Earth          2
   c - Passage of Golubria            Translocation                4
   d - Lee's Rapid Deconstruction     Earth                        5
   e - Darkness                       Hexes                        6
   f - Invisibility                   Hexes                        6
 V - a book of Ice

   Spells                             Type                      Level
   a - Ice Form                       Ice/Transmutation            4
   b - Metabolic Englaciation         Hexes/Ice                    5
   c - Ozocubu's Refrigeration        Ice                          6
   d - Bolt of Cold                   Conjuration/Ice              6
   e - Freezing Cloud                 Conjuration/Ice/Air          6
   f - Simulacrum                     Ice/Necromancy               6
Comestibles
 d - 9 bread rations
 n - 12 meat rations
 t - 10 royal jellies
 w - 2 fruits


   Skills:
 + Level 10.5 Fighting
 + Level 10.2 Short Blades
 + Level 10.2 Long Blades
 + Level 10.2 Axes
 + Level 10.2 Maces & Flails
 + Level 10.2 Polearms
 + Level 10.2 Staves
 + Level 10.2 Slings
 + Level 10.2 Bows
 + Level 10.2 Crossbows
 + Level 10.2 Throwing
 + Level 10.2 Armour
 + Level 11.1 Dodging
 + Level 10.2 Stealth
   Level 0.0 Stabbing
 + Level 10.2 Shields
   Level 0.0 Traps
 + Level 11.9 Unarmed Combat
 + Level 11.3 Spellcasting
 + Level 10.2 Conjurations
 + Level 10.2 Hexes
 + Level 10.2 Charms
 + Level 10.2 Summonings
 + Level 10.2 Necromancy
 + Level 10.2 Translocations
 + Level 11.1 Transmutations
 + Level 10.2 Fire Magic
 + Level 10.2 Ice Magic
 + Level 10.2 Air Magic
 + Level 10.2 Earth Magic
 + Level 10.2 Poison Magic
 + Level 10.2 Invocations
 + Level 10.2 Evocations


You had 10 spell levels left.
You knew the following spells:

 Your Spells              Type           Power        Failure   Level  Hunger
a - Ice Form              Ice/Tmut       #####...     16%         4    ##.....
b - Sticks to Snakes      Tmut           #####...     8%          2    None
c - Ozocubu's Armour      Chrm/Ice       #####...     11%         3    None
d - Blade Hands           Tmut           #####.....   24%         5    #####..
e - Swiftness             Chrm/Air       #####...     9%          2    None
f - Confusing Touch       Hex            #####.       8%          1    None
g - Throw Frost           Conj/Ice       #####.       9%          2    None
i - Passwall              Tmut/Erth      #####.....   8%          2    None
j - Passage of Golubria   Tloc           N/A          17%         4    ##.....
z - Apportation           Tloc           #####.       8%          1    None


Dungeon Overview and Level Annotations

Branches:
Dungeon (15/15)            Temple (0/1) D:7            Lair (6/6) D:11
  Swamp (0/4) Lair:2       Spider (0/4) Lair:4        Slime (0/5) Lair:6
    Orc (2/2) D:12            Elf (0/3) Orc:2        Vaults (0/5) D:14
 Depths (0/5) D:15

Altars:
Ashenzari
Cheibriados
Dithmenos
Fedhas
Gozag
Hepliaklqana
Kikubaaqudgha
Nemelex Xobeh
Ru
Sif Muna
Uskayaw
Vehumet
Zin

Shops:
D:7 ::=[   D:11 *   D:12 (   Orc:2 *(*(

Annotations:
D:11 3 runed doors, exclusion: orange crystal statue


Innate Abilities, Weirdness & Mutations

Your experience applies equally to all skills.
You have very sharp teeth.
Your uncanny sense of smell can sniff out nearby items.
You possess an exceptional clarity of mind.
You are somewhat resistant to further mutation.


Message History

The hornet closely misses you. The hornet closely misses you.
Casting: Blade Hands
Confirm with . or Enter, or press ? or * to list all spells.
You feel quick. The hornet closely misses you. The hornet stings you!
* * * LOW HITPOINT WARNING * * *
You suddenly lose the ability to move!
The hornet stings you but does no damage.
The wizard hits you but does no damage.
You are poisoned.
The hornet stings you but does no damage.
The boggart mumbles some strange words.
The boggart blinks!
The wizard hits you with a dagger of venom.
* * * LOW HITPOINT WARNING * * *
You are more poisoned.
The hornet stings you.
* * * LOW HITPOINT WARNING * * *
You feel yourself slow down.
The centaur warrior shoots an arrow.
The arrow hits you!
* * * LOW HITPOINT WARNING * * *
x2 The arrow dissolves into shadows!
You can move again.
Huge Dmg: -23%(-27hp) hp: 9%(10hp) Unknown command.
Okay, then.
You feel sick.
The wizard gestures at you while chanting.
The crystal spear hits you!
You die...

########### #### #.........#
#.. #.........# #.#
#.........####.#
#'##.......# ####.##....c..#
#....##...Dy..####### #
#.#(..CC...p@.......#
.#.##.#.########........###
.....C(........'.......<...
...g.(D.....####.......(###
...c.C#.....# #...)....#
.P....#...........#'#####
.≈≈;..##.....######[########
≈≈≈.;P......... #..........#
≈≈.≈≈...#..#....#.....(....#


You could see a centaur warrior, 2 cyclopes, a wizard, a hornet and an acid
dragon.

Vanquished Creatures
  Snorg (Orc:2)
  A minotaur (Lab)
  A fire dragon (D:15)
  3 ogre magi (Orc:2)
  3 rakshasas (D:14)
  An ice dragon (D:15)
  5 hydras
  2 centaur warriors
  4 catoblepae
  19 two-headed ogres
  2 dancing weapons (D:14)
  The ghost of nublet the Nimble, a journeyman DEHu of Okawaru (Lair:2)
  A tengu warrior (D:14)
  5 death yaks (Lair:6)
  Urug (Lair:2)
  4 unseen horrors
  4 orc knights
  3 deep elf magi
  8 cyclopes
  3 ugly things (D:14)
  A centaur zombie (D:14)
  2 manticores (Lair:6)
  5 elephants (Lair:6)
  An eye of devastation (Lair:5)
  4 gargoyles
  4 black mambas
  Joseph (D:9)
  6 spiny frogs
  2 rime drakes
  5 komodo dragons
  2 trolls
  2 meliai (D:13)
  A hornet (D:11)
  A jumping spider (Lair:4)
  3 polar bears
  9 dream sheep
  A meliai zombie (D:11)
  15 blink frogs
  9 hippogriffs
  3 wyverns
  A spriggan (D:7)
  2 redbacks (Lair:4)
  55 yaks
  3 water elementals (D:12)
  2 shadows
  A vampire (D:14)
  2 basilisks
  Grum (D:9)
  3 vampire mosquitoes (D:14)
  2 hungry ghosts
  5 wargs
  2 soldier ants (D:14)
  An acid dragon (D:15)
  7 water moccasins
  3 black bears
  2 sky beasts
  3 porcupines
  24 orc warriors
  3 ice beasts
  A boggart (D:15)
  27 ogres
  3 eyes of draining
  10 wolves
  8 centaurs
  2 phantoms
  9 crocodiles
  2 big kobolds
  24 bullfrogs
  3 wyvern zombies
  An earth elemental (Lab)
  A wyvern skeleton (D:6)
  6 scorpions
  18 killer bees
  12 wights
  5 electric eels
  6 howler monkeys
  2 troll skeletons (Lab)
  9 crimson imps
  A quasit (D:13)
  4 hounds
  7 centaur skeletons
  19 orc priests
  3 bullfrog skeletons
  Jessica (D:5)
  5 iguanas
  42 orc wizards
  11 worker ants
  2 hound zombies
  3 hound skeletons
  16 adders
  12 gnolls
  A shadow imp (D:5)
  3 oozes
  An adder skeleton (D:5)
  4 worms
  2 dart slugs
  4 leopard geckos
  104 orcs
  2 bat zombies (D:7)
  6 giant cockroaches
  18 goblins
  13 hobgoblins
  9 jackals
  24 kobolds
  5 quokkas
  2 ball pythons
  3 bats
  7 frilled lizards
  3 quokka skeletons
  6 rats
  A rat zombie (D:7)
  A plant (Lab)
765 creatures vanquished.

Vanquished Creatures (collateral kills)
  A dream sheep (Lair:2)
  A crocodile (Lair:2)
  An electric eel (Lair:4)
  A gnoll (D:1)
4 creatures vanquished.

Vanquished Creatures (others)
  A blink frog (Lair:6)
  A yak (Lair:6)
  A boggart (D:15)
  An orc wizard (D:12)
  A kobold (Bailey)
  5 fungi
  24 plants
34 creatures vanquished.

Grand Total: 803 creatures vanquished

Notes
Turn   | Place    | Note
-------+----------+-------------------------------------------
     0 | D:1      | Monsterracer the Gnoll Transmuter began the quest for the Orb.
     0 | D:1      | Reached XP level 1. HP: 17/17 MP: 6/6
    67 | D:1      | HP: 5/17 [leopard gecko (5)]
    68 | D:1      | Reached XP level 2. HP: 7/23 MP: 7/7
    77 | D:1      | HP: 4/23 [hobgoblin/club (3)]
    82 | D:1      | HP: 3/23 [frilled lizard (1)]
   601 | D:1      | Learned a level 2 spell: Sticks to Snakes
   642 | D:1      | Reached XP level 3. HP: 28/28 MP: 9/9
   715 | D:1      | Reached skill level 5 in Spellcasting
  1501 | D:2      | HP: 14/28 [adder (2)]
  1509 | D:2      | HP: 12/28 [poisoned by an adder]
  1712 | D:2      | Reached skill level 1 in Short Blades
  1712 | D:2      | Reached skill level 1 in Long Blades
  1712 | D:2      | Reached skill level 1 in Axes
  1712 | D:2      | Reached skill level 1 in Maces & Flails
  1712 | D:2      | Reached skill level 1 in Polearms
  1712 | D:2      | Reached skill level 1 in Staves
  1712 | D:2      | Reached skill level 1 in Slings
  1712 | D:2      | Reached skill level 1 in Bows
  1712 | D:2      | Reached skill level 1 in Crossbows
  1712 | D:2      | Reached skill level 1 in Throwing
  1712 | D:2      | Reached skill level 1 in Armour
  1712 | D:2      | Reached skill level 1 in Stealth
  1712 | D:2      | Reached skill level 1 in Shields
  1712 | D:2      | Reached skill level 1 in Conjurations
  1712 | D:2      | Reached skill level 1 in Hexes
  1712 | D:2      | Reached skill level 1 in Charms
  1712 | D:2      | Reached skill level 1 in Summonings
  1712 | D:2      | Reached skill level 1 in Necromancy
  1712 | D:2      | Reached skill level 1 in Translocations
  1712 | D:2      | Reached skill level 1 in Fire Magic
  1712 | D:2      | Reached skill level 1 in Ice Magic
  1712 | D:2      | Reached skill level 1 in Air Magic
  1712 | D:2      | Reached skill level 1 in Earth Magic
  1712 | D:2      | Reached skill level 1 in Poison Magic
  1712 | D:2      | Reached skill level 1 in Invocations
  1712 | D:2      | Reached skill level 1 in Evocations
  1812 | D:1      | HP: 14/28 [gnoll (5)]
  1817 | D:1      | Reached XP level 4. HP: 14/34 MP: 7/11
  1820 | D:1      | HP: 4/34 [gnoll/flail (11)]
  2107 | D:2      | HP: 14/34 [worm (5)]
  2116 | D:2      | Learned a level 4 spell: Ice Form
  2132 | D:2      | HP: 19/40 [giant cockroach (1)]
  2365 | D:2      | Reached XP level 5. HP: 40/40 MP: 12/12
  2402 | D:2      | Learned a level 5 spell: Blade Hands
  2481 | D:2      | Found a hide-covered altar of Uskayaw.
  2495 | D:2      | HP: 19/40 [adder (4)]
  2500 | D:2      | HP: 17/40 [poisoned by an adder]
  2505 | D:2      | HP: 16/40 [poisoned by an adder]
  2510 | D:2      | HP: 14/40 [adder (1)]
  2515 | D:2      | HP: 11/40 [poisoned by an adder]
  2518 | D:2      | Became a worshipper of Uskayaw the Reveler
  2520 | D:2      | HP: 9/40 [poisoned by an adder]
  2525 | D:2      | HP: 8/40 [poisoned by an adder]
  2533 | D:2      | HP: 7/40 [poisoned by an adder]
  2926 | D:2      | Reached * piety under Uskayaw
  3097 | D:2      | Reached ** piety under Uskayaw
  3120 | D:2      | HP: 20/40 [poisoned by an adder]
  3787 | D:3      | Reached XP level 6. HP: 40/47 MP: 13/13
  3796 | D:3      | Reached *** piety under Uskayaw
  3915 | D:3      | Found an opulent altar of Gozag.
  3915 | D:3      | Found a glowing silver altar of Zin.
  4263 | D:3      | Found a sacrificial altar of Ru.
  4263 | D:3      | Found a shadowy altar of Dithmenos.
  4829 | D:4      | Noticed a phantom
  4836 | D:4      | Reached skill level 5 in Dodging
  4836 | D:4      | Reached skill level 5 in Transmutations
  4844 | D:4      | Killed a phantom
  4844 | D:4      | Reached XP level 7. HP: 51/52 MP: 7/15
  4844 | D:4      | Reached **** piety under Uskayaw
  4977 | D:4      | Found a snail-covered altar of Cheibriados.
  5430 | D:4      | Found a blossoming altar of Fedhas.
  5849 | D:5      | Entered Level 5 of the Dungeon
  5870 | D:5      | Noticed Jessica
  5879 | D:5      | Killed Jessica
  5904 | D:5      | Found a deep blue altar of Sif Muna.
  6345 | D:5      | Reached XP level 8. HP: 60/60 MP: 11/16
  6625 | D:5      | Found a shadowy altar of Dithmenos.
  7279 | D:6      | HP: 35/72 [orc warrior/trident (4)]
  8027 | D:6      | Reached XP level 9. HP: 52/66 MP: 18/18
  8677 | D:7      | Learned a level 1 spell: Apportation
  8679 | D:7      | Learned a level 1 spell: Confusing Touch
  8685 | D:7      | Learned a level 3 spell: Ozocubu's Armour
  8722 | D:7      | Reached ***** piety under Uskayaw
  8725 | D:7      | HP: 29/67 [orc warrior/glaive (10)]
  8728 | D:7      | Reached skill level 5 in Fighting
  8730 | D:7      | HP: 16/68 [orc wizard/magic dart (3)]
  8731 | D:7      | Reached ****** piety under Uskayaw
  8860 | D:7      | Learned a level 2 spell: Throw Frost
  9013 | D:7      | Found Vuhip's Book Emporium.
  9085 | D:7      | Found Yqolulug's Book Shoppe.
  9162 | D:7      | Found Saujoc's Jewellery Boutique.
  9315 | D:7      | Found Ajeox's Antique Armour Boutique.
  9323 | D:7      | HP: 22/68 [wyvern zombie (15)]
  9325 | D:7      | HP: 6/68 [wyvern zombie (9)]
  9630 | D:7      | Bought a glowing helmet for 157 gold pieces
  9707 | D:7      | Found a staircase to the Ecumenical Temple.
  9856 | D:7      | Found an ancient bone altar of Kikubaaqudgha.
 10102 | D:7      | HP: 30/68 [spriggan baker/dagger (7)]
 10110 | D:7      | HP: 23/68 [spriggan baker/dagger (1)]
 10111 | D:7      | Reached XP level 10. HP: 25/74 MP: 10/20
 10730 | D:8      | Reached skill level 5 in Short Blades
 10730 | D:8      | Reached skill level 5 in Long Blades
 10730 | D:8      | Reached skill level 5 in Axes
 10730 | D:8      | Reached skill level 5 in Maces & Flails
 10730 | D:8      | Reached skill level 5 in Polearms
 10730 | D:8      | Reached skill level 5 in Staves
 10730 | D:8      | Reached skill level 5 in Slings
 10730 | D:8      | Reached skill level 5 in Bows
 10730 | D:8      | Reached skill level 5 in Crossbows
 10730 | D:8      | Reached skill level 5 in Throwing
 10730 | D:8      | Reached skill level 5 in Armour
 10730 | D:8      | Reached skill level 5 in Stealth
 10730 | D:8      | Reached skill level 5 in Shields
 10730 | D:8      | Reached skill level 5 in Conjurations
 10730 | D:8      | Reached skill level 5 in Hexes
 10730 | D:8      | Reached skill level 5 in Charms
 10730 | D:8      | Reached skill level 5 in Summonings
 10730 | D:8      | Reached skill level 5 in Necromancy
 10730 | D:8      | Reached skill level 5 in Translocations
 10730 | D:8      | Reached skill level 5 in Fire Magic
 10730 | D:8      | Reached skill level 5 in Ice Magic
 10730 | D:8      | Reached skill level 5 in Air Magic
 10730 | D:8      | Reached skill level 5 in Earth Magic
 10730 | D:8      | Reached skill level 5 in Poison Magic
 10730 | D:8      | Reached skill level 5 in Invocations
 10730 | D:8      | Reached skill level 5 in Evocations
 11005 | D:8      | Found a sacrificial altar of Ru.
 12039 | D:8      | Found a hazy altar of Hepliaklqana.
 12169 | D:7      | Bought a glowing ring mail for 147 gold pieces
 12403 | D:9      | Noticed Grum
 12426 | D:9      | Killed Grum
 12654 | D:9      | Found a sparkling altar of Nemelex Xobeh.
 12770 | D:9      | Noticed Joseph
 12776 | D:9      | Killed Joseph
 12983 | D:9      | Found a sacrificial altar of Ru.
 13017 | D:9      | Got a faintly glowing large shield
 13023 | D:9      | Identified the +3 large shield of Honesty {+Blink rPois Dex-5} (You found it on level 9 of the Dungeon)
 13232 | D:10     | Entered Level 10 of the Dungeon
 13349 | D:10     | Noticed a two-headed ogre
 13356 | D:10     | Killed a two-headed ogre
 13356 | D:10     | Reached XP level 11. HP: 71/82 MP: 11/22
 13931 | D:11     | Paralysed by a hornet for 1 turns
 13958 | D:11     | HP: 32/83 [warg (11)]
 13960 | D:11     | HP: 13/83 [warg (7)]
 14181 | D:11     | HP: 39/83 [meliai zombie (6)]
 14211 | D:11     | HP: 37/83 [hippogriff (8)]
 14525 | D:11     | Found a staircase to the Lair.
 14537 | D:11     | HP: 35/83 [water moccasin (9)]
 14542 | D:11     | HP: 29/83 [poisoned by a water moccasin]
 14548 | D:11     | HP: 26/83 [poisoned by a water moccasin]
 14555 | D:11     | HP: 25/83 [poisoned by a water moccasin]
 14562 | D:11     | HP: 24/83 [poisoned by a water moccasin]
 14569 | D:11     | HP: 24/83 [poisoned by a water moccasin]
 14825 | D:11     | Noticed a four-headed hydra
 14835 | D:11     | HP: 41/99 [four-headed hydra (16)]
 14836 | D:11     | Killed a four-headed hydra
 15036 | D:11     | Noticed a two-headed ogre
 15052 | D:11     | Killed a two-headed ogre
 15304 | D:11     | Got a jewelled cloak
 15310 | D:11     | Identified the +1 cloak of the Cockatrice {rC+++ rCorr Int-3 Stlth+} (You found it on level 11 of the Dungeon)
 15321 | D:11     | Found Onouhaq's Assorted Antiques.
 15329 | D:11     | Bought a scroll labeled LUMUHE WOCSE for 26 gold pieces
 15356 | D:11     | Found a runed door.
 15365 | D:11     | Found a runed door.
 15375 | D:11     | Found a runed door.
 15398 | D:11     | Learned a level 3 spell: Conjure Flame
 15444 | D:11     | Found a runed door.
 15822 | D:11     | Noticed an orange crystal statue
 15823 | D:11     | Noticed a seven-headed hydra
 15853 | Lair:1   | Entered Level 1 of the Lair of Beasts
 16108 | Lair:1   | HP: 42/84 [poisoned by a spiny frog]
 16509 | Lair:1   | Reached XP level 12. HP: 55/91 MP: 19/24
 17495 | Lair:2   | Noticed a seven-headed hydra
 17513 | Lair:2   | HP: 51/109 [seven-headed hydra (12)]
 17514 | Lair:2   | Killed a seven-headed hydra
 17609 | Lair:2   | Noticed nublet's ghost (journeyman DEHu)
 17745 | Lair:2   | Killed nublet's ghost
 18356 | Lair:2   | Identified the Almanac of Fascination
 18496 | Lair:2   | Noticed Urug
 18515 | Lair:2   | Killed Urug
 18667 | Lair:2   | Found a staircase to the Swamp.
 18675 | Lair:2   | HP: 42/92 [electric eel/bolt of electricity (9)]
 19480 | Lair:3   | Found a labyrinth entrance.
 19492 | Lab      | Entered a labyrinth
 19620 | Lab      | HP: 21/92 [earth elemental (31)]
 20021 | Lab      | Noticed a minotaur
 20031 | Lab      | HP: 41/92 [minotaur/staff of air (9)]
 20033 | Lab      | Killed a minotaur
 20037 | Lab      | Got a crude hunting sling
 20348 | Lair:3   | Reached skill level 10 in Unarmed Combat
 20781 | Lair:3   | HP: 43/92 [polar bear (6)]
 20784 | Lair:3   | Reached XP level 13. HP: 43/98 MP: 6/26
 22063 | Lair:4   | Found a hole to the Spider Nest.
 23844 | Lair:6   | Entered Level 6 of the Lair of Beasts
 23931 | Lair:6   | HP: 47/99 [crocodile (17)]
 23945 | Lair:6   | HP: 45/99 [catoblepas/blast of calcifying dust (6)]
 23950 | Lair:5   | HP: 41/99 [catoblepas (6)]
 24514 | Lair:6   | HP: 50/100 [elephant (8)]
 24520 | Lair:6   | HP: 40/100 [elephant (11)]
 24547 | Lair:6   | HP: 41/100 [elephant (6)]
 24552 | Lair:6   | HP: 38/100 [elephant (4)]
 25052 | Lair:6   | Reached skill level 10 in Spellcasting
 25064 | Lair:6   | Reached XP level 14. HP: 86/108 MP: 15/28
 25522 | Lair:6   | Found a staircase to the Slime Pits.
 25681 | Lair:6   | Reached skill level 10 in Dodging
 25681 | Lair:6   | Reached skill level 10 in Transmutations
 25685 | Lair:6   | HP: 49/108 [manticore (12)]
 26153 | Lair:6   | HP: 51/108 [yak (8)]
 27855 | D:12     | Found Poepp's Antique Weapon Shop.
 27862 | D:12     | Bought a scorched longbow for 275 gold pieces
 27862 | D:12     | Identified the +2 longbow of Intimidation {flame, *Slow rPois rC+++ MR+} (You bought it in a shop on level 12 of the Dungeon)
 27998 | D:12     | HP: 57/129 [seven-headed hydra (13)]
 27999 | D:12     | HP: 22/129 [seven-headed hydra (13)]
 28599 | D:12     | Found a staircase to the Orcish Mines.
 28832 | Orc:1    | Entered Level 1 of the Orcish Mines
 28950 | Orc:1    | HP: 45/108 [orc knight/battleaxe of electrocution (27)]
 28957 | Orc:1    | HP: 19/108 [orc warrior/long sword (13)]
 29133 | Orc:1    | HP: 49/108 [troll (13)]
 29143 | Orc:1    | Found a flagged portal.
 29486 | Orc:1    | Found a radiant altar of Vehumet.
 29978 | Orc:2    | Entered Level 2 of the Orcish Mines
 30148 | Orc:2    | Found a staircase to the Elven Halls.
 30226 | Orc:2    | Found Huozu's Assorted Antiques.
 30227 | Orc:2    | Found Uratiachag's Antique Weapon Emporium.
 30227 | Orc:2    | Found Qich's Weapon Shop.
 30227 | Orc:2    | Found Issam's Assorted Antiques.
 30262 | Orc:1    | HP: 42/108 [two-headed ogre/giant club (18)]
 30268 | Orc:1    | HP: 40/108 [poisoned by an ogre mage (bolt of poison)]
 30274 | Orc:1    | HP: 39/108 [poisoned by an ogre mage (bolt of poison)]
 30282 | Orc:1    | HP: 39/108 [poisoned by an ogre mage (bolt of poison)]
 30290 | Orc:1    | HP: 39/108 [poisoned by an ogre mage (bolt of poison)]
 30537 | Orc:2    | Noticed Snorg
 30639 | Orc:2    | Killed Snorg
 30662 | Orc:2    | HP: 52/109 [two-headed ogre/giant club (7)]
 30950 | Orc:2    | Reached XP level 15. HP: 89/115 MP: 22/29
 31077 | Orc:2    | Bought a shimmering robe for 222 gold pieces
 31077 | Orc:2    | Identified the +1 robe "Iwugalynt" {rPois MR+ MP+9 Dex-5} (You bought it in a shop on level 2 of the Orcish Mines)
 31341 | Orc:2    | Reached skill level 10 in Fighting
 32312 | D:13     | HP: 54/115 [cyclops/large rock (13)]
 32720 | D:14     | HP: 50/115 [rakshasa (illusionary)/orb of energy (24)]
 32721 | D:14     | HP: 23/115 [rakshasa (illusionary)/long sword of electrocution (18)]
 32727 | D:14     | HP: 12/115 [enchanted long sword (illusionary) (12)]
 32848 | D:14     | Found a deep blue altar of Sif Muna.
 32890 | D:14     | Found a flagged portal.
 32907 | Bailey   | Entered a bailey
 33288 | D:14     | Learned a level 2 spell: Swiftness
 33291 | D:14     | Learned a level 2 spell: Passwall
 33296 | D:14     | Learned a level 4 spell: Passage of Golubria
 33331 | D:14     | HP: 51/115 [electric eel/bolt of electricity (8)]
 33332 | D:14     | HP: 24/115 [meliai/enchanted war axe (12)]
 33338 | D:14     | HP: 26/115 [meliai/enchanted war axe (2)]
 33341 | D:13     | HP: 12/115 [meliai/hand axe (3)]
 33582 | D:14     | Found a shattered altar of Ashenzari.
 33625 | D:14     | Gained mutation: You are frail. (-10% HP) [mutagenic meat]
 33626 | D:14     | Gained mutation: You are clumsy. (Dex -2) [mutagenic meat]
 33627 | D:14     | Gained mutation: You are partially covered in slimy green scales. (AC +2) [mutagenic meat]
 33628 | D:14     | Lost mutation: You are partially covered in slimy green scales. (AC +2) [potion of mutation]
 33628 | D:14     | Lost mutation: You are clumsy. (Dex -2) [potion of mutation]
 33628 | D:14     | Lost mutation: You are frail. (-10% HP) [potion of mutation]
 33628 | D:14     | Gained mutation: You are somewhat resistant to further mutation. [potion of mutation]
 33628 | D:14     | Gained mutation: You possess an exceptional clarity of mind. [potion of mutation]
 33732 | D:14     | Reached skill level 10 in Short Blades
 33732 | D:14     | Reached skill level 10 in Long Blades
 33732 | D:14     | Reached skill level 10 in Axes
 33732 | D:14     | Reached skill level 10 in Maces & Flails
 33732 | D:14     | Reached skill level 10 in Polearms
 33732 | D:14     | Reached skill level 10 in Staves
 33732 | D:14     | Reached skill level 10 in Slings
 33732 | D:14     | Reached skill level 10 in Bows
 33732 | D:14     | Reached skill level 10 in Crossbows
 33732 | D:14     | Reached skill level 10 in Throwing
 33732 | D:14     | Reached skill level 10 in Armour
 33732 | D:14     | Reached skill level 10 in Stealth
 33732 | D:14     | Reached skill level 10 in Shields
 33732 | D:14     | Reached skill level 10 in Conjurations
 33732 | D:14     | Reached skill level 10 in Hexes
 33732 | D:14     | Reached skill level 10 in Charms
 33732 | D:14     | Reached skill level 10 in Summonings
 33732 | D:14     | Reached skill level 10 in Necromancy
 33732 | D:14     | Reached skill level 10 in Translocations
 33732 | D:14     | Reached skill level 10 in Fire Magic
 33732 | D:14     | Reached skill level 10 in Ice Magic
 33732 | D:14     | Reached skill level 10 in Air Magic
 33732 | D:14     | Reached skill level 10 in Earth Magic
 33732 | D:14     | Reached skill level 10 in Poison Magic
 33732 | D:14     | Reached skill level 10 in Invocations
 33732 | D:14     | Reached skill level 10 in Evocations
 33876 | D:14     | Found a gate to the Vaults.
 34668 | D:15     | Entered Level 15 of the Dungeon
 34869 | D:15     | Found a staircase to the Depths.
 35172 | D:15     | HP: 30/117 [cyclops/large rock (31)]
 35177 | D:15     | HP: 30/117 [unseen horror[a boggart] (5)]
 35184 | D:15     | HP: 28/117 [hornet (shapeshifter)[a boggart] (10)]
 35184 | D:15     | Paralysed by a hornet for 3 turns
 35186 | D:15     | HP: 12/117 [centaur warrior/arrow[a boggart] (11)]
 35187 | D:15     | Killed from afar by a wizard

Vault maps used:
D:1:      minmay_arrival_four_houses, minmay_pentomino_u2
D:2:      old_standard_altar
D:3:      grunt_temple_overflow_gold_and_silver,
          gammafunk_temple_overflow_elements
D:4:      lemuel_doored_altar, kennysheep_slug_shrine
D:5:      tgw_sif, first_bread, kb_lookout_dungeons_type, chequers_big_river,
          grunt_dithmenos_shadows
D:7:      lemuel_zombie_altar_kikubaaqudgha, minmay_temple_entry_butterflies,
          serial_shops, shop, nicolae_shop_crystal, nicolae_shop_trees,
          nicolae_shop_behind_doors, hangedman_decor_points, the_bakery
D:8:      kennysheep_little_box, basic_altar
D:9:      overflow_temple_1_default, nicolae_ru_path_of_blood, uniq_grum,
          uniq_joseph
D:11:     erik_lair_orcish_takeover, serial_shops, shop,
          minmay_statue_crystal_thing
D:12:     erik_orc_2, serial_shops, shop
D:14:     nicolae_whirlpool, erik_vaults_1, enter_bailey_2,
          evilmike_ruin_ashenzari, basic_altar, serial_bayou,
          serial_bayou_pond_a, serial_bayou_pond_b, serial_bayou_pond_c,
          serial_bayou_pond_e
D:15:     grunt_enter_depths_hoard, serial_bayou_pond_b, serial_bayou_pond_c,
          spider_trap
Lair:2:   minmay_swamp_entry_eels, beast_lair_carwin_9, uniq_urug
Lair:3:   lab_entry_generic, grunt_megastairs_3
Lair:4:   spider_nest_entry_a, nicolae_lair_grove_arrangements,
          lemuel_fruit_fields, serial_bayou_shore_a
Lair:5:   grunt_megastairs_2
Lair:6:   evilmike_catoblepas_cave, minmay_slime_entry_eyes
Orc:1:    basic_altar, enter_bailey_3
Orc:2:    st_orc_ogre_mass, uniq_snorg
Lab:      labyrinth_watery, nicolae_lab_stuck, nicolae_lab_quarters, lab_block,
          nicolae_lab_x, nicolae_lab_blocks, nicolae_lab_checkerboard,
          nicolae_lab_grate, nicolae_lab_t_cross, nicolae_lab_hexagon,
          labyrinth_lava_lair, nicolae_lab_garden
Bailey:   bailey_axe_1, bailey

Skill      XL: |  1  2  3  4  5  6  7  8  9 10 11 12 13 14 15 |
---------------+----------------------------------------------+-----
Spellcasting   | 5 6 7 8 9 10 11 | 11.3
Short Blades   | 1 2 3 4 5 6 7 8 9 10 | 10.2
Long Blades    | 1 2 3 4 5 6 7 8 9 10 | 10.2
Axes           | 1 2 3 4 5 6 7 8 9 10 | 10.2
Maces & Flails | 1 2 3 4 5 6 7 8 9 10 | 10.2
Polearms       | 1 2 3 4 5 6 7 8 9 10 | 10.2
Staves         | 1 2 3 4 5 6 7 8 9 10 | 10.2
Slings         | 1 2 3 4 5 6 7 8 9 10 | 10.2
Bows           | 1 2 3 4 5 6 7 8 9 10 | 10.2
Crossbows      | 1 2 3 4 5 6 7 8 9 10 | 10.2
Throwing       | 1 2 3 4 5 6 7 8 9 10 | 10.2
Armour         | 1 2 3 4 5 6 7 8 9 10 | 10.2
Stealth        | 1 2 3 4 5 6 7 8 9 10 | 10.2
Shields        | 1 2 3 4 5 6 7 8 9 10 | 10.2
Conjurations   | 1 2 3 4 5 6 7 8 9 10 | 10.2
Hexes          | 1 2 3 4 5 6 7 8 9 10 | 10.2
Charms         | 1 2 3 4 5 6 7 8 9 10 | 10.2
Summonings     | 1 2 3 4 5 6 7 8 9 10 | 10.2
Necromancy     | 1 2 3 4 5 6 7 8 9 10 | 10.2
Translocations | 1 2 3 4 5 6 7 8 9 10 | 10.2
Fire Magic     | 1 2 3 4 5 6 7 8 9 10 | 10.2
Ice Magic      | 1 2 3 4 5 6 7 8 9 10 | 10.2
Air Magic      | 1 2 3 4 5 6 7 8 9 10 | 10.2
Earth Magic    | 1 2 3 4 5 6 7 8 9 10 | 10.2
Poison Magic   | 1 2 3 4 5 6 7 8 9 10 | 10.2
Invocations    | 1 2 3 4 5 6 7 8 9 10 | 10.2
Evocations     | 1 2 3 4 5 6 7 8 9 10 | 10.2
Fighting       | 3 4 5 6 7 8 9 10 | 10.5
Dodging        | 5 6 7 8 9 10 11 | 11.1
Transmutations | 5 6 7 8 9 10 11 | 11.1
Unarmed Combat | 7 8 9 10 11 | 11.9

Action                   |  1- 3 |  4- 6 |  7- 9 | 10-12 | 13-15 || total
-------------------------+-------+-------+-------+-------+-------++-------
Melee: Unarmed           |   113 |   206 |   465 |   655 |  1046 ||  2485
       Bite              |     7 |    19 |    46 |    44 |   105 ||   221
       Kick              |     2 |       |       |       |       ||     2
       Punch             |     1 |     6 |    17 |    19 |    58 ||   101
       Dagger            |       |       |     2 |       |       ||     2
 Fire: Longbow           |       |       |       |       |    45 ||    45
Throw: Tomahawk          |       |       |       |     1 |       ||     1
 Cast: Beastly Appendage |     4 |       |       |       |       ||     4
       Sticks to Snakes  |     2 |       |     1 |     2 |     3 ||     8
       Ice Form          |       |     2 |     7 |    10 |    11 ||    30
       Blade Hands       |       |       |     4 |    38 |    71 ||   113
       Throw Frost       |       |       |     2 |    13 |    10 ||    25
       Ozocubu's Armour  |       |       |     1 |    23 |    38 ||    62
       Confusing Touch   |       |       |       |    10 |     2 ||    12
       Conjure Flame     |       |       |       |     1 |     1 ||     2
       Swiftness         |       |       |       |       |     1 ||     1
Invok: Stomp             |       |       |       |     1 |    24 ||    25
 Abil: Evoke Berserk Rag |       |       |       |     1 |       ||     1
  Use: Scroll            |       |    11 |    10 |    10 |    15 ||    46
       Potion            |       |       |       |     1 |     4 ||     5
 Stab: Sleeping          |     2 |     5 |    11 |    16 |    12 ||    46
       Distracted        |       |     1 |     2 |       |     4 ||     7
       Paralysed         |       |     2 |    18 |    34 |    65 ||   119
       Confused          |       |       |       |     5 |     2 ||     7
       Petrifying        |       |       |       |       |     1 ||     1
  Eat: Chunk             |     3 |    10 |    15 |    33 |    62 ||   123
       Bread ration      |       |       |     1 |     2 |     1 ||     4
       Fruit             |       |       |       |     8 |     5 ||    13
Armor: Robe              |    14 |    16 |    67 |   142 |   131 ||   370
       Skin              |       |     5 |     9 |    34 |    33 ||    81
       Ring mail         |       |       |       |       |     8 ||     8
       Leather armour    |       |       |       |       |    15 ||    15
       Troll leather arm |       |       |       |       |   122 ||   122
Dodge: Dodged            |    64 |   117 |   257 |   508 |   914 ||  1860
Block: Other             |       |       |       |       |   120 ||   120
       Reflection        |       |       |       |       |    21 ||    21

Table legend:
 A = Spawn XP
 B = Non-spawn XP
 C = Spawn XP percentage of total XP
 D = Spawn monster count
 E = Non-spawn monster count
 F = Spawn count percentage of total count
 G = Total turns spent on level
                    A         B        C        D         E        F      G
               +---------+---------+-------+---------+---------+-------+---------
         Total |       0 |  125642 |   0.0 |       0 |     770 |   0.0 | 35187
               +---------+---------+-------+---------+---------+-------+---------
           D:1 |       0 |      83 |   0.0 |       0 |      33 |   0.0 |  1837
           D:2 |       0 |     145 |   0.0 |       0 |      22 |   0.0 |  1536
           D:3 |       0 |     141 |   0.0 |       0 |      25 |   0.0 |  1049
           D:4 |       0 |     544 |   0.0 |       0 |      23 |   0.0 |  1427
           D:5 |       0 |     802 |   0.0 |       0 |      24 |   0.0 |  1415
           D:6 |       0 |     998 |   0.0 |       0 |      19 |   0.0 |  1385
           D:7 |       0 |    2094 |   0.0 |       0 |      47 |   0.0 |  1907
           D:8 |       0 |    2261 |   0.0 |       0 |      42 |   0.0 |  1691
           D:9 |       0 |    1279 |   0.0 |       0 |      14 |   0.0 |  1023
          D:10 |       0 |    1346 |   0.0 |       0 |      10 |   0.0 |   754
          D:11 |       0 |    6487 |   0.0 |       0 |      54 |   0.0 |  1953
          D:12 |       0 |    5753 |   0.0 |       0 |      46 |   0.0 |  1908
          D:13 |       0 |    5872 |   0.0 |       0 |      27 |   0.0 |  1192
          D:14 |       0 |   13885 |   0.0 |       0 |      38 |   0.0 |  1513
          D:15 |       0 |    9866 |   0.0 |       0 |      20 |   0.0 |   519
        Lair:1 |       0 |    3264 |   0.0 |       0 |      16 |   0.0 |  1369
        Lair:2 |       0 |    6471 |   0.0 |       0 |      27 |   0.0 |  2288
        Lair:3 |       0 |    6249 |   0.0 |       0 |      28 |   0.0 |  1268
        Lair:4 |       0 |    2718 |   0.0 |       0 |      11 |   0.0 |  1167
        Lair:5 |       0 |    9551 |   0.0 |       0 |      37 |   0.0 |  2001
        Lair:6 |       0 |   18869 |   0.0 |       0 |      52 |   0.0 |  2153
         Orc:1 |       0 |    4102 |   0.0 |       0 |      43 |   0.0 |  1625
         Orc:2 |       0 |   19292 |   0.0 |       0 |      73 |   0.0 |  1084
           Lab |       0 |    1714 |   0.0 |       0 |       7 |   0.0 |   750
        Bailey |       0 |    1856 |   0.0 |       0 |      32 |   0.0 |   373
               +---------+---------+-------+---------+---------+-------+---------

Vault maps used:
D:1:      minmay_arrival_four_houses, minmay_pentomino_u2
D:2:      old_standard_altar
D:3:      grunt_temple_overflow_gold_and_silver,
          gammafunk_temple_overflow_elements
D:4:      lemuel_doored_altar, kennysheep_slug_shrine
D:5:      tgw_sif, first_bread, kb_lookout_dungeons_type, chequers_big_river,
          grunt_dithmenos_shadows
D:7:      lemuel_zombie_altar_kikubaaqudgha, minmay_temple_entry_butterflies,
          serial_shops, shop, nicolae_shop_crystal, nicolae_shop_trees,
          nicolae_shop_behind_doors, hangedman_decor_points, the_bakery
D:8:      kennysheep_little_box, basic_altar
D:9:      overflow_temple_1_default, nicolae_ru_path_of_blood, uniq_grum,
          uniq_joseph
D:11:     erik_lair_orcish_takeover, serial_shops, shop,
          minmay_statue_crystal_thing
D:12:     erik_orc_2, serial_shops, shop
D:14:     nicolae_whirlpool, erik_vaults_1, enter_bailey_2,
          evilmike_ruin_ashenzari, basic_altar, serial_bayou,
          serial_bayou_pond_a, serial_bayou_pond_b, serial_bayou_pond_c,
          serial_bayou_pond_e
D:15:     grunt_enter_depths_hoard, serial_bayou_pond_b, serial_bayou_pond_c,
          spider_trap
Lair:2:   minmay_swamp_entry_eels, beast_lair_carwin_9, uniq_urug
Lair:3:   lab_entry_generic, grunt_megastairs_3
Lair:4:   spider_nest_entry_a, nicolae_lair_grove_arrangements,
          lemuel_fruit_fields, serial_bayou_shore_a
Lair:5:   grunt_megastairs_2
Lair:6:   evilmike_catoblepas_cave, minmay_slime_entry_eyes
Orc:1:    basic_altar, enter_bailey_3
Orc:2:    st_orc_ogre_mass, uniq_snorg
Lab:      labyrinth_watery, nicolae_lab_stuck, nicolae_lab_quarters, lab_block,
          nicolae_lab_x, nicolae_lab_blocks, nicolae_lab_checkerboard,
          nicolae_lab_grate, nicolae_lab_t_cross, nicolae_lab_hexagon,
          labyrinth_lava_lair, nicolae_lab_garden
Bailey:   bailey_axe_1, bailey
